 Dungeon Crawl Stone Soup version 0.20-a0-1122-gb7cbeb9 (webtiles) character file.

2205 anotheruser the Covered (level 9, -4/69 HPs)
             Began as a Demonspawn Abyssal Knight on May 11, 2017.
             Was a Believer of Lugonu.
             Slain by an orc warrior
             ... wielding a +0 long sword
              (18 damage)
             ... on level 9 of the Dungeon.
             The game lasted 01:39:40 (7850 turns).

anotheruser the Covered (Demonspawn Abyssal Knight) Turns: 7850, Time: 01:39:41

Health: -4/69      AC: 14    Str: 13 (15) XL:     9   Next: 12%
Magic:  13/13      EV:  4    Int: 13      God:    Lugonu [**....]
Gold:   332        SH:  9    Dex: 14      Spells: 6/9 levels left

rFire    . . .     SeeInvis .   a - +3 falchion
rCold    + . .     Gourm    .   M - +0 shield
rNeg     . . .     Faith    .   O - +0 storm dragon scales
rPois    .         Spirit   .   (no helmet)
rElec    +         Reflect  .   (no cloak)
rCorr    .         Harm     .   (no gloves)
MR       .....                  (boots unavailable)
Stlth    ..........             V - amulet of magic regeneration
Regen    0.3/turn               K - ring of protection from cold
MPRegen  0.2/turn               (no ring)

@: no status effects
A: hooves 3, iridescent scales 1, powered by pain 1
a: Depart the Abyss, Bend Space, Renounce Religion


You were on level 9 of the Dungeon.
You worshipped Lugonu.
Lugonu was pleased with you.
You were not hungry.

You visited 2 branches of the dungeon, and saw 8 of its levels.
You visited the Abyss 1 time.
You also visited: Sewer.

You collected 332 gold pieces.

Inventory:

Hand Weapons
 a - a +3 falchion (weapon)
 f - a +3 antimagic dagger
 j - a +1 dagger of holy wrath
 n - a +1 hunting sling of velocity
 v - a +2 falchion of electrocution
 w - a +2 vampiric whip
 D - a +5 flail of protection
 F - a +0 whip of flaming
 S - a +0 giant club
Missiles
 i - 76 bolts
 u - 36 sling bullets
 B - 9 tomahawks (quivered)
Armour
 l - a +0 chain mail
 o - a +0 leather armour
 p - a +0 buckler
 r - a cursed +0 robe
 y - a +0 leather armour
 A - a +0 ring mail
 E - a +0 ring mail
 G - a +0 animal skin
 H - a +0 leather armour
 J - a +0 robe
 M - a +0 shield (worn)
 N - a +0 scale mail
 O - +0 storm dragon scales (worn)
 P - a +0 plate armour of cold resistance
 Q - a +0 scale mail
 R - a +0 ring mail
 W - a +0 ring mail
 X - a +2 robe of cold resistance
Jewellery
 s - an uncursed amulet of regeneration
 K - a ring of protection from cold (left hand)
 V - an amulet of magic regeneration (around neck)
Wands
 z - a wand of disintegration (8/24)
 C - a wand of paralysis (15/24)
Scrolls
 h - a scroll of blinking
 x - 2 scrolls of remove curse
 I - 3 scrolls of amnesia
 T - a scroll of teleportation
 Y - a scroll of fear
Potions
 d - a potion of lignification
 e - 3 potions of flight
 g - 2 potions of curing
Books
 m - a book of Minor Magic

   Spells                             Type                      Level
   a - Magic Dart                     Conjuration                  1
   b - Blink                          Translocation                2
   c - Call Imp                       Summoning                    2
   d - Slow                           Hexes                        2
   e - Conjure Flame                  Conjuration/Fire             3
   f - Mephitic Cloud                 Conjuration/Poison/Air       3
Comestibles
 c - 8 bread rations
 k - 3 fruits
 L - 2 royal jellies


   Skills:
 + Level 5.6 Fighting
 + Level 5.8 Long Blades
 * Level 6.0 Armour
 + Level 2.0 Dodging
 - Level 0.2 Stealth
 * Level 3.9 Shields
 + Level 0.5 Spellcasting
 * Level 5.7 Invocations
 * Level 1.2 Evocations


You had 6 spell levels left.
You knew the following spells:

 Your Spells              Type           Power        Failure   Level  Hunger
a - Magic Dart            Conj           #...         100%        1    ##.....
b - Call Imp              Summ           #.......     100%        2    ###....


Dungeon Overview and Level Annotations

Branches:
Dungeon (6/15)             Temple (1/1) D:4

Altars:
Ashenzari
Dithmenos
Elyvilon
Fedhas
Gozag
Hepliaklqana
Kikubaaqudgha
Nemelex Xobeh
Okawaru
Qazlal
Ru
Trog
Uskayaw
Vehumet
Wu Jian
Xom
Yredelemnul
Zin
The Shining One


Innate Abilities, Weirdness & Mutations

You have hooves in place of feet.
You are partially covered in iridescent scales. (AC +2)
You sometimes gain a little power by taking damage.


Message History

You kick the orc warrior, but do no damage.
The orc warrior is lightly wounded.
You block the orc's attack.
You hit the orc warrior. You kick the orc warrior.
The orc warrior is moderately wounded.
The orc warrior hits you with a long sword.
* * * LOW HITPOINT WARNING * * *
You block the orc's attack.
An orc comes into view. It is wielding a mace.
You feel better.
The orc warrior hits you with a long sword.
* * * LOW HITPOINT WARNING * * *
The orc misses you.
The orc curses loudly.
Your shield and storm dragon scales prevent you from hitting the orc warrior.
You kick the orc warrior.
The orc warrior is moderately wounded.
You feel a little less agile now.
The orc warrior hits you with a long sword!!
You die...

#..|##.##.##......#
#..##.#..#.##.#+###
#..##.#..#.##......
#...##%##.##.......
####...#.#..#.#.......
+.......######........
#.........##..........
#.....................
#....@#...............
#####o#...............
#.....oo................
#####o##..#############.


#oo #..# #. o.o #..# #. ###. #... #. ' .... #. .# ..... +. You could see an orc
warrior and 6 orcs.

Vanquished Creatures
  Pikel (D:5)
  2 hornets (D:9)
  Edmund (D:5)
  A phantom (D:9)
  A slave (D:5)
  2 ogres
  A big kobold (Sewer)
  A bullfrog (D:4)
  A wyvern zombie (D:6)
  A scorpion (D:4)
  An orc priest (D:4)
  3 worker ants
  2 iguanas (D:4)
  An orc wizard (D:3)
  A hound skeleton (D:5)
  6 gnolls
  8 river rats
  12 adders
  An ooze (D:3)
  4 worms
  2 dart slugs
  5 leopard geckos
  12 orcs
  8 ball pythons
  7 giant cockroaches
  13 hobgoblins
  5 jackals (D:2)
  22 kobolds
  3 quokkas
  7 bats
  5 frilled lizards
  11 goblins
  A quokka skeleton (D:5)
  29 rats
  A bush (D:1)
  A plant (D:1)
183 creatures vanquished.

Vanquished Creatures (others)
  2 phantoms
  A big kobold (Sewer)
  A crimson imp (D:5)
  An iguana (D:5)
  A gnoll (D:4)
  2 adders (Sewer)
  A dart slug (D:5)
  2 orcs (D:5)
  4 kobolds (Sewer)
  2 ball pythons
  3 rats
20 creatures vanquished.

Grand Total: 203 creatures vanquished

Notes
Turn   | Place    | Note
-------+----------+-------------------------------------------
     0 | Abyss:1  | anotheruser the Demonspawn Abyssal Knight began the quest for the Orb.
     0 | Abyss:1  | Reached XP level 1. HP: 18/18 MP: 2/2
    70 | Abyss:1  | Noticed a starcursed mass
    76 | D:1      | Escaped the Abyss
   335 | D:1      | Gained mutation: You have large cloven feet. [demonic ancestry]
   335 | D:1      | Reached XP level 2. HP: 20/24 MP: 3/3
   336 | D:1      | Reached * piety under Lugonu
   360 | D:1      | Reached skill level 1 in Dodging
   638 | D:1      | Reached skill level 2 in Armour
  1311 | D:1      | Gained mutation: You have hoof-like feet. [demonic ancestry]
  1311 | D:1      | Reached XP level 3. HP: 22/29 MP: 5/5
  1815 | D:2      | Reached ** piety under Lugonu
  1851 | D:2      | Reached XP level 4. HP: 24/37 MP: 6/6
  1903 | D:2      | Found a hide-covered altar of Uskayaw.
  2084 | D:2      | Reached skill level 1 in Shields
  2422 | D:3      | Found a faded altar of an unknown god.
  2431 | D:3      | Gained mutation: You are partially covered in iridescent scales. (AC +2) [demonic ancestry]
  2431 | D:3      | Reached XP level 5. HP: 42/42 MP: 7/7
  3246 | D:3      | Reached *** piety under Lugonu
  3325 | D:3      | Learned a level 1 spell: Magic Dart
  3328 | D:3      | Learned a level 2 spell: Call Imp
  4063 | D:4      | Reached skill level 3 in Armour
  4063 | D:4      | Reached XP level 6. HP: 35/49 MP: 8/8
  4080 | D:4      | Found a staircase to the Ecumenical Temple.
  4351 | Temple   | Entered the Ecumenical Temple
  4661 | D:4      | HP: 2/49 [gnoll/halberd (2)]
  4970 | D:4      | Gained mutation: You have hooves in place of feet. [demonic ancestry]
  4970 | D:4      | Reached XP level 7. HP: 44/55 MP: 4/9
  5259 | D:4      | Reached skill level 4 in Armour
  5345 | D:4      | Found a white marble altar of Elyvilon.
  5562 | D:5      | Entered Level 5 of the Dungeon
  5562 | D:5      | Noticed Pikel
  5584 | D:5      | Killed Pikel
  5584 | D:5      | Reached skill level 5 in Fighting
  5584 | D:5      | Reached skill level 5 in Long Blades
  5584 | D:5      | Gained mutation: You sometimes gain a little power by taking damage. [demonic ancestry]
  5584 | D:5      | Reached XP level 8. HP: 31/62 MP: 9/11
  5721 | D:5      | Found a glowing drain.
  5801 | D:5      | Reached skill level 5 in Armour
  5894 | Sewer    | Entered a sewer
  6532 | Sewer    | Reached skill level 5 in Invocations
  6690 | D:5      | Found an iron altar of Okawaru.
  6713 | D:5      | Found a glowing silver altar of Zin.
  6714 | D:5      | Found an ancient bone altar of Kikubaaqudgha.
  6831 | D:5      | Noticed Edmund
  6869 | D:5      | Killed Edmund
  7446 | D:6      | You fall through a shaft for 3 floors!
  7543 | D:9      | Noticed a hornet
  7562 | D:9      | Paralysed by a hornet for 2 turns
  7572 | D:9      | Paralysed by a hornet for 3 turns
  7587 | D:9      | Killed a hornet
  7607 | D:9      | Reached XP level 9. HP: 25/68 MP: 13/13
  7717 | D:9      | Found an opulent altar of Gozag.
  7791 | D:9      | Paralysed by a hornet for 2 turns
  7809 | D:9      | Reached skill level 6 in Armour
  7809 | D:9      | Reached skill level 1 in Evocations
  7850 | D:9      | Slain by an orc warrior

Vault maps used:
D:1:      zaba_arrival_water, st_stairs_11, lexackson_kobold_supper
D:2:      lemuel_round_altar, minmay_joined_circles
D:3:      chequers_ecumenical_altar_simple_redux, first_bread
D:4:      elyvilon_altar_5, minmay_temple_entry_large_hall
D:5:      minitemple, portal_sewer_entry_a, uniq_edmund, uniq_pikel
D:6:      gammafunk_temple_overflow_wave
D:9:      kennysheep_mini_moat, hiddenorc2_lemuel, enter_bailey_7, basic_altar,
          hangedman_little_slice_of_home, minivault_22
Temple:   nicolae_temple_figure_eight
Sewer:    sewer_minmay_treatment

Skill      XL: |  1  2  3  4  5  6  7  8  9 |
---------------+----------------------------+-----
Dodging        | 1 2 |  2.0
Long Blades    | 2 3 4 5 |  5.8
Armour         | 2 3 4 5 6 |  6.0
Fighting       | 4 5 |  5.6
Shields        | 1 3 |  3.9
Invocations    | 4 5 |  5.7
Evocations     | 1 |  1.2
Stealth        | |  0.2
Spellcasting   | |  0.5

Action                   |  1- 3 |  4- 6 |  7- 9 || total
-------------------------+-------+-------+-------++-------
Melee: Falchion          |   459 |   214 |   377 ||  1050
       Kick              |   173 |    56 |   105 ||   334
Throw: Stone             |       |     4 |       ||     4
       Tomahawk          |       |       |     1 ||     1
Invok: Depart the Abyss  |     1 |       |       ||     1
       Banish            |       |     3 |    13 ||    16
       Bend Space        |       |       |     1 ||     1
  Use: Potion            |     3 |     7 |    22 ||    32
       Scroll            |     3 |     6 |     3 ||    12
  Eat: Chunk             |     4 |     9 |     7 ||    20
       Fruit             |       |     3 |     2 ||     5
       Meat ration       |       |       |     1 ||     1
Armor: Leather armour    |     6 |       |       ||     6
       Chain mail        |   132 |    62 |       ||   194
       Ring mail         |       |    42 |       ||    42
       Plate armour      |       |    27 |   244 ||   271
       Storm dragon scal |       |       |    80 ||    80
Dodge: Dodged            |    53 |   110 |    71 ||   234
Block: Buckler           |    29 |    38 |     8 ||    75
       Shield            |       |       |   170 ||   170
       Rpst.: Falchion   |    20 |    26 |    21 ||    67
